 Dungeon Crawl Stone Soup version 0.28-a0-1622-gc30f734a66 (console) character file.

Game seed: 3436636860870001796

81 Colgate the Magician (level 4, 26/31 HPs)
             Began as a Djinni Ice Elementalist on Jan 23, 2022.
             Was a Follower of Nemelex Xobeh.
             Quit the game on level 3 of the Dungeon.
             The game lasted 00:34:28 (3347 turns).

Colgate the Magician (Djinni Ice Elementalist)      Turns: 3347, Time: 00:34:28

Health: 26/31      AC:  6    Str:  7    XL:     4   Next: 67%
Gold:   153        EV: 12    Int: 18    God:    Nemelex Xobeh [*.....] SH:  0 Dex: 14

rFire   + . .      SeeInvis .   m - +0 dagger (vamp)
rCold   . . .      Faith    .   (no shield)
rNeg    . . .      Spirit   .   a - +0 robe
rPois   ∞          Reflect  .   (no helmet)
rElec   .          Harm     .   (no cloak)
rCorr   .          Rampage  .   (no gloves)
Will    .....                   (boots unavailable)
Stlth   ++........              (no amulet)
HPRegen 0.10/turn               s - +4 ring of protection
MPRegen 0.00/turn               g - ring of ice

@: flying
A: sickness immunity, fire resistance 2, cold vulnerability 1, float, innate
caster, hp casting, extra vitality 1
a: Renounce Religion, Draw Escape, Draw Destruction, Draw Summoning


You were on level 3 of the Dungeon.
You worshipped Nemelex Xobeh.
Nemelex Xobeh was aware of your devotion.
You visited 1 branch of the dungeon, and saw 3 of its levels.

You collected 153 gold pieces.

Inventory:

Hand Weapons
 m - a +0 vampiric dagger (weapon)
 q - a +0 rapier
 t - a +0 spear
Missiles
 f - 62 stones
 h - a throwing net
 j - 2 poisoned darts
 r - 5 atropa-tipped darts
Armour
 a - a +0 robe (worn)
Jewellery
 g - a ring of ice (right hand)
 s - a +4 ring of protection (left hand)
Scrolls
 b - a scroll of enchant armour {unknown}
 d - a scroll of magic mapping {unknown}
 n - 2 scrolls of teleportation {unknown}
 o - 3 scrolls of identify {unknown}
 u - a scroll of blinking {unknown}
 v - a scroll of enchant weapon {unknown}
Potions
 c - a potion of lignification {unknown}
 e - 2 potions of curing {unknown}
 i - 3 potions of brilliance {unknown}
 k - a potion of mutation {unknown}
 l - a potion of magic {unknown}
 p - 2 potions of resistance {unknown}


   Skills:
 - Level 2.1 Dodging
 - Level 1.5 Stealth
 + Level 4.5 Spellcasting


You couldn't memorise any spells.
You knew the following spells:

 Your Spells              Type           Power      Damage    Failure   Level
a - Freeze                Ice            100%       1d11      2%          1
b - Frozen Ramparts       Ice            60%        1d8       6%          3
c - Ozocubu's Armour      Ice            30%        N/A       6%          3
d - Hailstorm             Conj/Ice       30%        3d8       22%         4
e - Animate Skeleton      Necr           40%        N/A       2%          1
Your spell library was empty.

Dungeon Overview and Level Annotations

Branches:
Dungeon (3/15)

Altars:
Nemelex Xobeh

Shops:
D:2 (


Innate Abilities, Weirdness & Mutations

You are immune to sickness and miasma.
You are immune to poison.
Your flesh is very heat resistant. (rF++)
You are vulnerable to cold. (rC-)
You float through the air rather than walking.
You learn spells naturally, not from books.
Your magical power is your life essence.
You have superior vitality. (+4 MHP)


Message History

You reach down and open the door.
Found a rapier.
Found a stone staircase leading up.
e - 2 inky potions (gained 1)
A frilled lizard comes into view.
Found a scroll labelled PAJA SUEZXU.
You see here 18 gold pieces.
The helpless frilled lizard fails to defend itself.
You puncture the frilled lizard!
You kill the frilled lizard!
You now have 144 gold pieces (gained 18).
l - a purple potion
u - a scroll labelled PAJA SUEZXU As you open the door, it creaks loudly!
There is an open door here.
Nemelex Xobeh deals you some cards!
You now have 1 escape card, 12 destruction cards and 3 summoning cards.
Found 9 gold pieces.
An endoplasm comes into view.
The helpless endoplasm fails to defend itself.
You hit the endoplasm.
The endoplasm is almost dead.
The endoplasm freezes you.
You are frozen.
Casting: Animate Skeleton (safe; 2% risk of failure)
Confirm with . or Enter, or press ? or * to list all spells.
Aiming: Freeze (safe; 2% risk of failure)
Press: ? - help, Shift-Dir - straight line, f - endoplasm
Aim: an endoplasm (almost dead)
Okay, then.
Unknown command.
You feel a surge of power!
You freeze the endoplasm!
You kill the endoplasm!
Found a stone staircase leading down.
You now have 153 gold pieces (gained 9).
v - a scroll labelled EPIGEV TIOTYV A centaur zombie and a dart slug come into view.
The dart slug launches a dart at you. The slug dart hits you.
Are you sure you want to abandon this character and quit the game? (Confirm with "yes".)

#########..
#..........
#......w...
##..........
####...........
.....>.........
##........Z..
#........#
#...@#####
#....####
###.....# ###..
#.....# ......
#.....###......
#..............
#####........#
#........#
######........###
#.........#.....#
#...............#


You could see a dart slug and a centaur zombie.

Vanquished Creatures
  2 adders (D:2)
  2 dart slugs
  8 ball pythons
  5 endoplasms
  2 giant cockroaches (D:1)
  5 goblins
  5 hobgoblins
  4 jackals (D:2)
  2 quokkas
  4 bats
  5 frilled lizards
  4 kobolds
  5 rats
53 creatures vanquished.

Notes
Turn   | Place    | Note
-------+----------+-------------------------------------------
     0 | D:1      | Colgate the Djinni Ice Elementalist began the quest for the
                  | Orb.
     0 | D:1      | Reached XP level 1. HP: 15/15 MP: 0/0
   340 | D:1      | Reached XP level 2. HP: 18/21 MP: 0/0
   961 | D:1      | Reached XP level 3. HP: 22/25 MP: 0/0
   961 | D:1      | Learned a level 1 spell: Animate Skeleton
  1332 | D:2      | Found Qabet's Antique Weapon Shop.
  1452 | D:2      | Found a faded altar of an unknown god.
  1463 | D:2      | Prayed at the altar of an unknown god.
  1463 | D:2      | Became a worshipper of Nemelex Xobeh the Trickster
  1463 | D:2      | Reached * piety under Nemelex Xobeh
  1463 | D:2      | Received a gift from Nemelex Xobeh
  1480 | D:2      | Reached skill level 4 in Spellcasting
  2075 | D:2      | Reached XP level 4. HP: 17/31 MP: 0/0
  3305 | D:3      | Received a gift from Nemelex Xobeh
  3347 | D:3      | Quit the game

Illustrated notes

Levels and vault maps discovered:
D:1:      psy_arrival_dodecagon, layout_loops_corners, chequers_avenue
D:2:      layout_rooms, serial_shops, nicolae_shop_overgrown_old_shop,
          ebering_ecumenical_altar_hall, serial_park_tiny_1, minmay_circle_x
D:3:      layout_basic

Skill      XL: |  1  2  3 |
---------------+----------+-----
Spellcasting   | 4 |  4.5
Dodging        | |  2.1
Stealth        | |  1.5

Action                   |  1- 3 |  4- 6 || total
-------------------------+-------+-------++-------
Melee: Unarmed           |     3 |       ||     3
       Dagger            |     2 |     6 ||     8
Throw: Stone             |    14 |     1 ||    15
 Cast: Freeze            |    32 |     6 ||    38
       Frozen Ramparts   |    10 |     7 ||    17
       Ozocubu's Armour  |     7 |     2 ||     9
       Animate Skeleton  |     6 |     6 ||    12
       Hailstorm         |       |     1 ||     1
 Stab: Sleeping          |     3 |     5 ||     8
Armor: Robe              |     5 |       ||     5
Dodge: Dodged            |    20 |     4 ||    24

Table legend: (Time is in decaauts)
 A = Elapsed time spent in this place.
 B = Non-inter-level travel time spent in this place.
 C = Inter-level travel time spent in this place.
 D = Time resting spent in this place.
 E = Time spent auto-exploring this place.
 F = Levels seen in this place.
 G = Mean time per level.
                   A        B        C        D        E       F      G
               +--------+--------+--------+--------+--------+-----+--------+
         Total |   3347 |   3214 |    133 |      0 |   2637 |   3 | 1115.7 |
       Dungeon |   3347 |   3214 |    133 |      0 |   2637 |   3 | 1115.7 |
               +--------+--------+--------+--------+--------+-----+--------+

Top non-repeatable levels by time:
     D:2: 1536 daAuts
     D:1: 1321 daAuts
     D:3: 489 daAuts
